 Dungeon Crawl Stone Soup version 0.28-a0-1138-gff41af4 (webtiles) character file.

Game seed: 8078269169762015154

37 2tousent the Grasshopper (level 3, 0/16 HPs)
             Began as a Felid Warper on Dec 12, 2021.
             Killed by nerve-wracking pain
             ... invoked by Jessica
              (6 damage)
             ... on level 2 of the Dungeon.
             The game lasted 00:02:57 (2046 turns).

2tousent the Grasshopper (Felid Warper)             Turns: 2046, Time: 00:02:58

Health: 0/16       AC:  1    Str:  7    XL:     3   Next: 21%
Magic:  7/7        EV: 17    Int: 16    God:
Gold:   67         SH:  0    Dex: 15    Spells: 4/6 levels left
                                        Lives:  0   Deaths: 0

rFire   . . .      SeeInvis +     - Unarmed
rCold   . . .      Faith    .   (shield unavailable)
rNeg    . . .      Spirit   .   (armour unavailable)
rPois   .          Reflect  .   (helmet unavailable)
rElec   .          Harm     .   (cloak unavailable)
rCorr   .          Rampage  .   (gloves unavailable)
Will    .....                   (boots unavailable)
Stlth   +.........              (no amulet)
HPRegen 0.05/turn               (no ring)
MPRegen 0.10/turn               (no ring)

@: quick
A: very small, claws 1, fangs 3, see invisible, speed 1, shaggy fur 1, stealthy
paws, no weapons or thrown items, no armour, multi-lived
a: no special abilities


You were on level 2 of the Dungeon.
You visited 1 branch of the dungeon, and saw 2 of its levels.

You collected 67 gold pieces.

Inventory:

Jewellery
 c - an amulet of the acrobat
Scrolls
 a - a scroll of blinking
Potions
 b - a potion of degeneration
 d - a potion of haste {unknown}
 e - 2 potions of attraction {unknown}
 f - a potion of might {unknown}
 g - a potion of invisibility {unknown}
 h - a potion of brilliance {unknown}


   Skills:
 - Level 2.0 Fighting
 - Level 3.2 Dodging
 + Level 2.7 Unarmed Combat
 - Level 2.0 Spellcasting
 + Level 5.7 Translocations


You had 4 spell levels left.
You knew the following spells:

 Your Spells              Type           Power      Damage    Failure   Level
a - Blink                 Tloc           38%        N/A       3%          2

Your spell library contained the following spells:

 Spells                   Type           Power      Damage    Failure   Level
 Gell's Gravitas          Tloc           19%        N/A       6%          3
 Lesser Beckoning         Tloc           19%        N/A       6%          3
 Teleport Other           Tloc           19%        N/A       6%          3
 Manifold Assault         Tloc           19%        N/A       50%         5


Dungeon Overview and Level Annotations

Branches:
Dungeon (2/15)

Altars:

Shops:
D:2 (

Annotations:
D:2 Jessica


Innate Abilities, Weirdness & Mutations

You have sharp claws.
You have razor-sharp teeth.
You have supernaturally acute eyesight. (SInv)
You cover ground quickly. (Speed+)
You are covered in fur. (AC +1)
Your paws help you pounce on unaware monsters.
You are incapable of wielding weapons or throwing items.
You cannot wear armour.
You gain extra lives every three experience levels.


Message History

Jessica gestures at you while chanting. You resist with some effort.
Found a scroll of blinking.
Found a scroll labelled RYULIU IG SIKKE.
Jessica closely misses you.
You barely miss Jessica. Jessica closely misses you.
You scratch Jessica but do no damage. Jessica misses you.
You scratch Jessica.
Jessica is moderately wounded.
Jessica gestures wildly while chanting.
Jessica seems to speed up.
You scratch Jessica. You bite Jessica.
Jessica is heavily wounded.
Jessica closely misses you.
You closely miss Jessica.
Jessica is heavily wounded.
Jessica hits you with a +0 dagger. The iguana closely misses you.
Jessica completely misses you.
An endoplasm comes into view.
The iguana closely misses you.
You closely miss Jessica.
Jessica is moderately wounded.
Jessica completely misses you. Jessica closely misses you.
You scratch Jessica.
Jessica is almost dead.
Jessica completely misses you.
You barely miss Jessica.
Jessica is almost dead.
Jessica gestures wildly while chanting.
Jessica blinks!
Found a dagger.
A dart slug comes into view.
Jessica casts a spell at you.
You barely resist. You closely miss Jessica.
Jessica is almost dead.
Jessica hits you with a +0 dagger.
Jessica points at you and mumbles some strange words.
Pain shoots through your body!
You die...

#.....#.# #######.#
#######.# ........#
###.##.###.#####
..........l....#
##.###.####.#.#####
##.###.####.......#
.........@@....###.#
.#.##.###.##...# ...
........# w#.
#.#.##.).# #
.......##.### .)..#
#....# #..?? #.##..
.. ..##..


You could see Jessica (fast).

Vanquished Creatures
  An adder (D:2)
  3 bats
  2 endoplasms (D:1)
  5 goblins
  A hobgoblin (D:2)
  2 kobolds (D:2)
  2 quokkas
  5 ball pythons
  3 frilled lizards
  4 rats (D:1)
28 creatures vanquished.

Notes
Turn   | Place    | Note
-------+----------+-------------------------------------------
     0 | D:1      | 2tousent the Felid Warper began the quest for the Orb.
     0 | D:1      | Reached XP level 1. HP: 9/9 MP: 4/4
   288 | D:1      | Reached skill level 5 in Translocations
   359 | D:1      | Found a faded altar of an unknown god.
   364 | D:1      | Reached XP level 2. HP: 13/13 MP: 6/6
   517 | D:1      | Learned a level 2 spell: Blink
  1463 | D:2      | Found Viluyrgh's Antique Weapon Shoppe.
  1930 | D:2      | Reached XP level 3. HP: 16/16 MP: 7/7
  2017 | D:2      | Noticed Jessica
  2046 | D:2      | Killed from afar by Jessica

Illustrated notes

Levels and vault maps discovered:
D:1:      dpeg_arrival_line_fractal, layout_loops_ring,
          shapermc_ecumenical_altar_mp_highgroup, kennysheep_crisscross
D:2:      layout_loops_corners, serial_shops, nicolae_shop_trees,
          grunt_ministairs_3, minmay_diced_spiral, uniq_natasha, uniq_jessica

Skill      XL: |  1 |
---------------+----+-----
Translocations | 5 |  5.7
Fighting       | |  2.0
Dodging        | |  3.2
Unarmed Combat | |  2.7
Spellcasting   | |  2.0

Action                   || total
-------------------------++-------
Melee: Unarmed           ||    61
       Punch             ||     1
       Bite              ||     5
 Cast: Blink             ||     1
  Use: Scroll            ||     1
 Stab: Sleeping          ||     5
Armor: Skin              ||     1
Dodge: Dodged            ||    35

Table legend: (Time is in decaauts)
 A = Elapsed time spent in this place.
 B = Non-inter-level travel time spent in this place.
 C = Inter-level travel time spent in this place.
 D = Time resting spent in this place.
 E = Time spent auto-exploring this place.
 F = Levels seen in this place.
 G = Mean time per level.
                   A        B        C        D        E       F      G
               +--------+--------+--------+--------+--------+-----+--------+
         Total |   1857 |   1817 |     40 |      0 |   1633 |   2 |  928.5 |
       Dungeon |   1857 |   1817 |     40 |      0 |   1633 |   2 |  928.5 |
               +--------+--------+--------+--------+--------+-----+--------+

Top non-repeatable levels by time:
     D:1: 1210 daAuts
     D:2: 647 daAuts
